AoeStats
← potatoes

Black Forest

510518174Analyzed
4v4 RM · 1d ago on Oct 1, 2026· 99m 9s· 8 players
Game mode
Random Map
Map size
Large (8 player)
Population
200
Speed
Normal
Resources
Standard
Victory
Conquest
Starting age
Dark Age
Ending age
Imperial Age
RankedLock teamsTeams togetherTeam positionsShared explorationLock speedFull tech treeHidden civsTurbo modeCheats
Victory
Defeat
🇵🇱 Britons · Poland
1013
+15
🇬🇧 Saxons · United Kingdom
1011
+15
🇺🇸 Mongols · United States
968
+17
🇩🇪 Poles · Germany
959
+17
🇨🇳 Teutons · China
1041
-17
🇨🇳 Danes · China
1001
-17
🇨🇳 Vietnamese · China
958
-15
🇮🇳 Varangians · India
954
-15
KCPR
0:57 Loom
18:10 Feudal Age
19:35 Wheelbarrow
18:59 Double-Bit Axe
20:27 Horse Collar
26:35 Castle Age
25:46 Stone Mining
25:55 Gold Mining
26:12 Gold Mining
28:23 Bow Saw
28:36 Heavy Plow
32:32 Squires
32:18 Arson
32:39 Scale Mail Armor
32:50 Forging
32:33 Fletching
32:59 Caravan
36:26 Gold Shaft Mining
40:07 Imperial Age
38:15 Chain Mail Armor
39:44 Treadmill Crane
40:14 Masonry
40:30 Ballistics
40:10 Elite Hearth Troop
40:11 Shield Wall
41:16 Conscription
41:46 Plate Mail Armor
42:42 Iron Casting
42:16 Bodkin Arrow
45:11 Pikeman
49:20 Architecture
51:41 Halberdier
55:01 Two-Man Saw
JohnFairPlay
0:33 Loom
12:40 Feudal Age
14:30 Wheelbarrow
13:41 Double-Bit Axe
13:51 Gold Mining
13:52 Stone Mining
13:46 Horse Collar
19:54 Castle Age
19:44 Padded Archer Armor
20:55 Bow Saw
20:45 Heavy Plow
21:02 Hand Cart
22:22 Gold Shaft Mining
24:27 Ballistics
24:00 Fletching
25:46 Leather Archer Armor
25:42 Bodkin Arrow
26:13 Caravan
30:23 Imperial Age
32:19 Two-Man Saw
31:24 Bracer
33:37 Chemistry
33:29 Ring Archer Armor
34:05 Yeomen
35:05 Elite Longbowman
37:14 Siege Engineers
39:23 Onager
40:32 Town Watch
41:42 Warwolf
53:31 Heavy Scorpion
63:15 Scale Mail Armor
63:26 Forging
63:10 Pikeman
63:53 Squires
63:38 Arson
64:32 Chain Mail Armor
63:49 Halberdier
73:05 Conscription
75:53 Crossbowman
76:23 Arbalester
81:11 Chain Mail Armor
81:07 Forging
86:11 Plate Mail Armor
86:18 Iron Casting
90:42 Blast Furnace
93:37 Scale Barding Armor
CRi
1:53 Loom
1:59 Loom
11:14 Feudal Age
16:21 Castle Age
15:45 Double-Bit Axe
16:02 Horse Collar
18:45 Bow Saw
22:44 Heavy Plow
23:38 Gold Mining
24:43 Town Watch
25:38 Wheelbarrow
24:49 Town Watch
26:46 Hand Cart
27:08 Stone Mining
27:34 Scale Mail Armor
27:44 Forging
27:25 Fletching
27:35 Padded Archer Armor
28:54 Caravan
29:25 Coinage
30:57 Ballistics
30:44 Town Patrol
31:29 Leather Archer Armor
31:09 Bodkin Arrow
31:50 Iron Casting
31:31 Chain Mail Armor
31:22 Scale Barding Armor
34:35 Imperial Age
32:49 Szlachta Privileges
34:07 Pikeman
34:47 Squires
34:32 Arson
35:41 Stone Shaft Mining
35:56 Crop Rotation
36:41 Chemistry
36:06 Lechitic Legacy
36:06 Conscription
35:56 Elite Skirmisher
36:43 Thumb Ring
36:59 Masonry
36:30 Treadmill Crane
39:13 Bracer
39:44 Plate Mail Armor
40:15 Blast Furnace
38:48 Crossbowman
40:13 Bombard Tower
39:52 Arbalester
42:50 Scale Barding Armor
44:25 Murder Holes
44:37 Siege Engineers
44:23 Arrowslits
45:11 Bloodlines
44:22 Light Cavalry
45:03 Husbandry
45:17 Husbandry
44:39 Light Cavalry
45:32 Winged Hussar
47:49 Chain Barding Armor
53:00 Fortified Wall
62:15 Sappers
Eagle3
0:27 Loom
12:05 Feudal Age
15:47 Castle Age
13:46 Double-Bit Axe
13:56 Horse Collar
16:54 Bow Saw
20:45 Town Watch
20:56 Stone Mining
21:54 Gold Mining
23:52 Heavy Plow
24:01 Fletching
25:41 Wheelbarrow
25:41 Ballistics
26:09 Bodkin Arrow
26:40 Hand Cart
32:42 Imperial Age
31:31 Caravan
33:11 Elite Mangudai
34:14 Conscription
33:56 Bracer
35:01 Chemistry
34:07 Siege Engineers
34:20 Bloodlines
34:11 Husbandry
35:35 Masonry
35:02 Onager
36:27 Gold Shaft Mining
36:32 Drill
38:28 Siege Onager
38:31 Light Cavalry
39:28 Hussar
40:28 Padded Archer Armor
41:10 Nomads
42:23 Nomads
42:53 Forging
45:12 Scale Barding Armor
45:43 Iron Casting
47:37 Chain Barding Armor
49:51 Blast Furnace
51:22 Parthian Tactics
51:03 Thumb Ring
51:16 Leather Archer Armor
Master
0:53 Loom
16:06 Feudal Age
18:18 Double-Bit Axe
20:35 Castle Age
21:42 Bow Saw
21:26 Horse Collar
23:08 Heavy Plow
30:00 Gold Mining
31:06 Wheelbarrow
31:43 Scale Barding Armor
31:48 Forging
32:40 Stone Mining
33:23 Masonry
36:23 Imperial Age
33:58 Scale Mail Armor
34:33 Iron Casting
35:02 Hand Cart
34:55 Town Watch
35:02 Arson
35:18 Squires
35:03 Gambesons
36:32 Town Patrol
38:01 Chain Mail Armor
38:47 Blast Furnace
37:15 Elite Varangian Guard
39:54 Crop Rotation
40:19 Plate Mail Armor
40:11 Chain Barding Armor
39:16 Gothikon
40:35 Bloodlines
40:26 Husbandry
39:47 Light Cavalry
41:01 Conscription
41:34 Caravan
42:46 Hussar
44:34 Two-Man Saw
45:01 Plate Barding Armor
45:35 Fletching
45:10 Capped Ram
49:02 Cavalier
49:35 Siege Ram
50:45 Vendel Legacy
60:17 Elite Jarl
66:47 Bodkin Arrow
70:34 Architecture
71:06 Chemistry
70:26 Ballistics
70:15 Siege Engineers
69:59 Pikeman
71:24 Halberdier
79:27 Heavy Scorpion
81:30 Guilds
94:13 Chemistry
93:04 Guard Tower
93:35 Ballistics
93:47 Architecture
93:13 Murder Holes
92:59 Treadmill Crane
93:11 Heated Shot
214547429
11:25 Feudal Age
15:47 Castle Age
13:45 Double-Bit Axe
13:43 Horse Collar
13:57 Gold Mining
17:44 Bow Saw
17:39 Heavy Plow
24:06 Wheelbarrow
23:54 Stone Mining
30:33 Imperial Age
28:22 Hand Cart
27:52 Town Watch
27:53 Loom
28:38 Ballistics
28:29 Masonry
30:04 Stone Shaft Mining
29:24 Fletching
29:34 Padded Archer Armor
28:58 Elite Skirmisher
29:44 Thumb Ring
29:56 Fortified Wall
29:51 Town Patrol
30:36 Imperial Skirmisher
31:33 Bodkin Arrow
31:53 Leather Archer Armor
31:53 Guilds
32:14 Coinage
32:58 Chemistry
32:08 Squires
31:54 Arson
34:12 Two-Man Saw
33:14 Bracer
35:33 Paper Money
35:14 Chatras
35:24 Elite Rattan Archer
37:41 Ring Archer Armor
37:22 Forging
37:12 Scale Mail Armor
37:18 Scale Barding Armor
40:49 Bombard Tower
40:14 Treadmill Crane
40:30 Murder Holes
40:13 Light Cavalry
41:07 Bloodlines
40:57 Husbandry
40:19 Elite Battle Elephant
42:25 Chain Barding Armor
42:41 Iron Casting
42:40 Banking
42:11 Caravan
43:53 Plate Barding Armor
48:30 Capped Ram
59:03 Hoardings
73:22 Chain Mail Armor
74:36 Pikeman
75:59 Halberdier
77:01 Elite Fire Lancer
86:58 Plate Mail Armor
枪声
0:38 Loom
11:45 Feudal Age
17:57 Castle Age
17:18 Double-Bit Axe
27:28 Horse Collar
29:09 Wheelbarrow
31:47 Imperial Age
30:55 Heavy Plow
31:09 Bow Saw
30:54 Gold Mining
31:31 Ballistics
31:49 Hand Cart
33:43 Crop Rotation
34:35 Chemistry
35:16 Two-Man Saw
34:42 Forging
34:38 Scale Barding Armor
34:16 Onager
35:59 Ironclad
35:02 Elite Teutonic Knight
36:05 Crenellations
36:08 Conscription
36:07 Siege Engineers
37:27 Iron Casting
37:13 Chain Barding Armor
38:29 Squires
38:15 Arson
42:14 Blast Furnace
41:15 Scale Mail Armor
41:11 Capped Ram
42:33 Fletching
43:19 Plate Barding Armor
43:20 Bombard Tower
45:31 Bloodlines
44:43 Cavalier
47:43 Pikeman
49:01 Halberdier
52:06 Siege Onager
53:24 Chain Mail Armor
56:26 Plate Mail Armor
55:52 Bodkin Arrow
55:58 Padded Archer Armor
potatoes
12:10 Feudal Age
12:53 Horse Collar
13:00 Double-Bit Axe
17:31 Stone Mining
19:54 Castle Age
21:41 Bow Saw
21:35 Heavy Plow
29:16 Gold Mining
30:01 Stone Shaft Mining
29:25 Town Watch
30:16 Wheelbarrow
29:26 Loom
30:52 Town Watch
30:53 Loom
31:44 Wheelbarrow
31:52 Ballistics
34:13 Imperial Age
31:45 Town Patrol
32:21 Wheelbarrow
32:02 Masonry
31:59 Scale Mail Armor
32:10 Forging
31:50 Fletching
34:09 Chain Mail Armor
34:29 Iron Casting
34:27 Hamask
36:07 Conscription
35:08 Northmen's Fury
36:58 Chemistry
36:04 Siege Engineers
35:59 Bodkin Arrow
36:05 Padded Archer Armor
36:38 Plate Mail Armor
36:29 Thumb Ring
35:44 Elite Skirmisher
37:13 Gold Shaft Mining
37:16 Imperial Skirmisher
38:38 Onager
40:38 Leather Archer Armor
40:24 Bracer
41:24 Blast Furnace
44:06 Siege Onager
44:21 Elite Varangian Guard
45:01 Squires
44:47 Gambesons
44:49 Arson
47:25 Ring Archer Armor
54:01 Elite Jomsviking
63:52 Hand Cart
67:23 Pikeman
87:27 Guard Tower
92:08 Keep
91:44 Halberdier
94:41 Bloodlines
93:52 Light Cavalry
Connection lost

Rejoining the realm…

Still unreachable

The connection could not be restored.

Session expired

The server has moved on; the page needs a fresh start.